PCL
MEXICO CITY CERVECEROS @ LAS VEGAS STARS
05/04/2028
 
TOP OF THE 1ST
Mexico City Cerveceros batting - Pitching for Las Vegas Stars : RHP Dema Mitenkov
Pitching: RHP Dema Mitenkov
Batting: SHB Richard Bowman 0-0: Ball
1-0: Ball
2-0: Ball
3-0: Called Strike
3-1: Base on Balls
Batting: RHB Murai Ishihara 0-0: Ball
1-0: Ball
2-0: Foul Ball, location: 2F
2-1: Foul Ball, location: 2F
2-2: Ball
Wild Pitch!
Richard Bowman to second
3-2: Base on Balls
Batting: RHB Hamilton Holbrook 0-0: Ball
1-0: Foul Ball, location: 2F
1-1: Foul Ball, location: 2F
1-2: Foul Ball, location: 2F
1-2: 3-RUN HOME RUN (Flyball, 7D), Distance : 408 ft
Batting: LHB John Nicholson 0-0: Foul Ball, location: 2F
0-1: Called Strike
0-2: Foul Ball, location: 2F
0-2: DOUBLE (Flyball, 9D)
Batting: RHB Dennis Stephenson 0-0: Ball
1-0: Foul Ball, location: 2F
1-1: Ground out 4-3 (Groundball, 4)
John Nicholson to third
Batting: LHB Gary Kern 0-0: Called Strike
0-1: SINGLE (Groundball, 6MD)
John Nicholson scores
Batting: LHB Juan García 0-0: Ball
1-0: Foul Ball, location: 2F
1-1: Foul Ball, location: 2F
1-2: SINGLE (Flyball, 9LM)
Gary Kern to second
Runner from 2nd tries for 3rd, SAFE, throw made to third
Juan García to second
Batting: RHB Luis Peña 0-0: Called Strike
0-1: Fly out, F5 (Line Drive, 5)
Batting: LHB Don Soper 0-0: Ball
1-0: Ball
2-0: Foul Ball, location: 2F
2-1: Foul Ball, location: 2F
2-2: Foul Ball, location: 2F
2-2: Foul Ball, location: 2F
2-2: Fly out, F9 (Flyball, 9)
Top of the 1st over - 4 run(s), 4 hit(s), 0 error(s), 2 left on base; Mexico City 4 - Las Vegas 0
BOTTOM OF THE 1ST
Las Vegas Stars batting - Pitching for Mexico City Cerveceros : RHP Darryl Carter
Pitching: RHP Darryl Carter
Batting: SHB Júlio Salazar 0-0: Ball
1-0: Ball
2-0: Called Strike
2-1: Fly out, F6 (Popup, 56D)
Batting: RHB Pedro Mata 0-0: Ball
1-0: Called Strike
1-1: Foul Ball, location: 2F
1-2: Ground out 6-3 (Groundball, 6)
Batting: LHB Paco Rivera 0-0: Called Strike
0-1: Swinging Strike
0-2: Ball
1-2: Foul Ball, location: 2F
1-2: Strikes out swinging
Bottom of the 1st over - 0 run(s), 0 hit(s), 0 error(s), 0 left on base; Mexico City 4 - Las Vegas 0
TOP OF THE 2ND
Mexico City Cerveceros batting - Pitching for Las Vegas Stars : RHP Dema Mitenkov
Batting: SHB Richard Bowman 0-0: Called Strike
0-1: Ground out 3-1 (Groundball, 34)
Batting: RHB Murai Ishihara 0-0: Called Strike
0-1: SINGLE (Line Drive, 8LS)
Batting: RHB Hamilton Holbrook 0-0: Ball
1-0: SINGLE (Line Drive, 4MD)
Murai Ishihara to second
Batting: LHB John Nicholson 0-0: Ball
1-0: Foul Ball, location: 2F
1-1: Ball
2-1: Ball
3-1: SINGLE (Groundball, 34D)
Murai Ishihara to third
Hamilton Holbrook to second
Runner from 3rd tries for Home, SAFE, throw made home
Hamilton Holbrook to third
John Nicholson to second
Batting: RHB Dennis Stephenson 0-0: Called Strike
0-1: Foul Ball, location: 2F
0-2: Strikes out swinging
Batting: LHB Gary Kern 0-0: Single, Error in OF, E9, batter to second base
Hamilton Holbrook scores
John Nicholson scores
Batting: LHB Juan García 0-0: Foul Ball, location: 2F
0-1: Ball
1-1: Ball
2-1: Fly out, F9 (Flyball, 9)
Top of the 2nd over - 3 run(s), 4 hit(s), 1 error(s), 1 left on base; Mexico City 7 - Las Vegas 0
BOTTOM OF THE 2ND
Las Vegas Stars batting - Pitching for Mexico City Cerveceros : RHP Darryl Carter
Batting: SHB Chris Bennis 0-0: Foul Ball, location: 2F
0-1: Fly out, F7 (Line Drive, 7S)
Batting: LHB Bryan Foster 0-0: Fly out, F5 (Line Drive, 5)
Batting: SHB Richard Griffin 0-0: Fly out, F7 (Flyball, 7S)
Bottom of the 2nd over - 0 run(s), 0 hit(s), 0 error(s), 0 left on base; Mexico City 7 - Las Vegas 0
TOP OF THE 3RD
Mexico City Cerveceros batting - Pitching for Las Vegas Stars : RHP Dema Mitenkov
Batting: RHB Luis Peña 0-0: Ball
1-0: Swinging Strike
1-1: Foul Ball, location: 2F
1-2: Strikes out swinging
Pitching: RHP Ricardo López
Batting: LHB Don Soper 0-0: Called Strike
0-1: Ball
1-1: Fly out, F9 (Flyball, 89D)
Batting: SHB Richard Bowman 0-0: Ball
1-0: Ball
2-0: Called Strike
2-1: SOLO HOME RUN (Flyball, 9LD), Distance : 383 ft
Batting: RHB Murai Ishihara 0-0: Foul Ball, location: 2F
0-1: Foul Ball, location: 2F
0-2: Ball
1-2: Ball
2-2: Foul Ball, location: 2F
2-2: Ball
3-2: Strikes out swinging
Top of the 3rd over - 1 run(s), 1 hit(s), 0 error(s), 0 left on base; Mexico City 8 - Las Vegas 0
BOTTOM OF THE 3RD
Las Vegas Stars batting - Pitching for Mexico City Cerveceros : RHP Darryl Carter
Batting: RHB Bobby Miller 0-0: Foul Ball, location: 2F
0-1: SINGLE (Groundball, 56D)
Batting: RHB Zack Flint 0-0: Ball
1-0: Called Strike
1-1: Ball
2-1: Ball
3-1: Base on Balls
Bobby Miller to second
Batting: RHB Luis Flores 0-0: Grounds into double play, 4-6-3 (Groundball, 4)
Bobby Miller to third
Batting: SHB Júlio Salazar 0-0: Foul Ball, location: 2F
0-1: Hit by Pitch
Batting: RHB Pedro Mata 0-0: Fielders Choice at 2nd, 4-6 (Groundball, 4D)
Bottom of the 3rd over - 0 run(s), 1 hit(s), 0 error(s), 1 left on base; Mexico City 8 - Las Vegas 0
TOP OF THE 4TH
Mexico City Cerveceros batting - Pitching for Las Vegas Stars : RHP Ricardo López
Batting: RHB Hamilton Holbrook 0-0: Called Strike
0-1: Ball
1-1: Fly out, F9 (Flyball, 9LSF)
Batting: LHB John Nicholson 0-0: Ball
1-0: Ball
2-0: SOLO HOME RUN (Flyball, 8LXD), Distance : 431 ft
Batting: RHB Dennis Stephenson 0-0: Foul Ball, location: 2F
0-1: Foul Ball, location: 2F
0-2: Foul Ball, location: 2F
0-2: SOLO HOME RUN (Flyball, 78XD), Distance : 410 ft
Pitching: LHP Curt Bennett
Batting: LHB Gary Kern 0-0: Ball
1-0: Foul Ball, location: 2F
1-1: DOUBLE (Flyball, 8RXD)
Batting: LHB Juan García 0-0: Ground out 6-3 (Groundball, 6)
Batting: RHB Luis Peña 0-0: Foul Ball, location: 2F
0-1: Called Strike
0-2: Ball
1-2: Strikes out looking
Top of the 4th over - 2 run(s), 3 hit(s), 0 error(s), 1 left on base; Mexico City 10 - Las Vegas 0
BOTTOM OF THE 4TH
Las Vegas Stars batting - Pitching for Mexico City Cerveceros : RHP Darryl Carter
Batting: LHB Paco Rivera 0-0: Foul Ball, location: 2F
0-1: Ball
1-1: SINGLE (Line Drive, 7S)
Batting: SHB Chris Bennis 0-0: Ball
1-0: Foul Ball, location: 2F
1-1: Swinging Strike
1-2: Foul Ball, location: 2F
1-2: Fly out, F6 (Flyball, 6D)
Batting: LHB Bryan Foster 0-0: Ball
1-0: Called Strike
1-1: Ball
2-1: Swinging Strike
2-2: Strikes out swinging
Batting: SHB Richard Griffin 0-0: Ball
1-0: Ball
2-0: Called Strike
2-1: Ball
3-1: Base on Balls
Paco Rivera to second
Batting: RHB Bobby Miller 0-0: Called Strike
0-1: Foul Ball, location: 2F
0-2: Ball
1-2: Foul Ball, location: 2F
1-2: Ball
2-2: Foul Ball, location: 2F
2-2: Foul Ball, location: 2F
2-2: SINGLE (Line Drive, 6M)
Paco Rivera to third
Richard Griffin to second
Runner from 3rd tries for Home, SAFE, throw made home
Batting: RHB Zack Flint 0-0: Called Strike
0-1: Ball
1-1: Ball
2-1: Foul Ball, location: 2F
2-2: Ball
3-2: Base on Balls
Richard Griffin to third
Bobby Miller to second
Batting: RHB Luis Flores 0-0: Ground out 4-3 (Groundball, 4S)
Bottom of the 4th over - 1 run(s), 2 hit(s), 0 error(s), 3 left on base; Mexico City 10 - Las Vegas 1
TOP OF THE 5TH
Mexico City Cerveceros batting - Pitching for Las Vegas Stars : LHP Curt Bennett
Batting: LHB Don Soper 0-0: Called Strike
0-1: SINGLE (Groundball, 6MD)
Batting: SHB Richard Bowman 0-0: Ball
1-0: Foul Ball, location: 2F
1-1: Ball
2-1: Ball
3-1: Base on Balls
Don Soper to second
Batting: RHB Murai Ishihara 0-0: Called Strike
0-1: Foul Ball, location: 2F
0-2: TRIPLE (Flyball, 8RXD)
Don Soper scores
Richard Bowman scores
Batting: RHB Hamilton Holbrook 0-0: Called Strike
0-1: Ball
1-1: Swinging Strike
1-2: DOUBLE (Groundball, 5L)
Murai Ishihara scores
Pitching: RHP Terry Adams
Batting: LHB John Nicholson 0-0: Ball
1-0: Ball
2-0: Ball
3-0: Called Strike
3-1: DOUBLE (Groundball, 5L)
Hamilton Holbrook scores
Batting: RHB Dennis Stephenson 0-0: Ball
1-0: Called Strike
1-1: Swinging Strike
1-2: Fly out, F9 (Flyball, 9LSF)
Batting: LHB Gary Kern 0-0: Called Strike
0-1: Swinging Strike
0-2: Ball
1-2: Ball
2-2: Ball
3-2: Foul Ball, location: 2F
3-2: Strikes out looking
Batting: LHB Juan García 0-0: Ball
1-0: Called Strike
1-1: Foul Ball, location: 2F
1-2: Ball
2-2: Ball
3-2: Base on Balls
Batting: RHB Luis Peña 0-0: Ball
Wild Pitch!
John Nicholson to third
Juan García to second
1-0: Ball
2-0: Ball
3-0: Called Strike
3-1: SINGLE (Groundball, 56D)
John Nicholson scores
Juan García to third
Runner from 3rd tries for Home, SAFE, no throw
Batting: LHB Don Soper 0-0: Called Strike
0-1: Foul Ball, location: 2F
0-2: Ball
1-2: Fly out, F7 (Flyball, 7LS)
Top of the 5th over - 6 run(s), 5 hit(s), 0 error(s), 1 left on base; Mexico City 16 - Las Vegas 1
BOTTOM OF THE 5TH
Las Vegas Stars batting - Pitching for Mexico City Cerveceros : RHP Darryl Carter
Batting: SHB Júlio Salazar 0-0: Ball
1-0: Ball
2-0: Foul Ball, location: 2F
2-1: Called Strike
2-2: Foul Ball, location: 2F
2-2: Strikes out swinging
Batting: RHB Pedro Mata 0-0: Fly out, F9 (Flyball, 9)
Batting: LHB Paco Rivera 0-0: Swinging Strike
0-1: DOUBLE (Groundball, 5L)
Batting: SHB Chris Bennis 0-0: Called Strike
0-1: Ball
1-1: Swinging Strike
1-2: Strikes out looking
Bottom of the 5th over - 0 run(s), 1 hit(s), 0 error(s), 1 left on base; Mexico City 16 - Las Vegas 1
TOP OF THE 6TH
Mexico City Cerveceros batting - Pitching for Las Vegas Stars : RHP Terry Adams
Batting: SHB Richard Bowman 0-0: Called Strike
0-1: Swinging Strike
0-2: Ball
1-2: Ground out U3 (Groundball, 3)
Batting: RHB Murai Ishihara 0-0: Fly out, F8 (Flyball, 8RS)
Batting: RHB Hamilton Holbrook 0-0: Foul Ball, location: 2F
0-1: Fly out, F8 (Flyball, 8LM)
Top of the 6th over - 0 run(s), 0 hit(s), 0 error(s), 0 left on base; Mexico City 16 - Las Vegas 1
BOTTOM OF THE 6TH
Las Vegas Stars batting - Pitching for Mexico City Cerveceros : RHP Darryl Carter
Batting: LHB Bryan Foster 0-0: Called Strike
0-1: Foul Ball, location: 2F
0-2: Foul Ball, location: 2F
0-2: Ball
1-2: SINGLE (Groundball, 4MD)
Batting: SHB Richard Griffin 0-0: Ball
1-0: Fielders Choice at 2nd, 3-6 (Groundball, 3)
Pinch Hitting: LHB Terry White 0-0: Foul Ball, location: 2F
0-1: Ball
1-1: Ball
2-1: Ground out 5-3 (Groundball, 56S)
Richard Griffin to second
Batting: RHB Zack Flint 0-0: Ball
1-0: Called Strike
1-1: Foul Ball, location: 2F
1-2: DOUBLE (Line Drive, 78M)
Richard Griffin scores
Pinch Hitting: SHB Héctor Barajas 0-0: Ball
1-0: Foul Ball, location: 2F
1-1: Swinging Strike
1-2: SINGLE (Line Drive, 6)
Zack Flint to third
Batting: SHB Júlio Salazar 0-0: Called Strike
0-1: Ball
1-1: Ball
2-1: Ball
3-1: Called Strike
3-2: Ground out 4-3 (Groundball, 34)
Bottom of the 6th over - 1 run(s), 3 hit(s), 0 error(s), 2 left on base; Mexico City 16 - Las Vegas 2
TOP OF THE 7TH
Mexico City Cerveceros batting - Pitching for Las Vegas Stars : RHP Terry Adams
Now at 2B: Héctor Barajas
Now at SS: Terry White
Batting: LHB John Nicholson 0-0: Ball
1-0: Ball
2-0: Called Strike
2-1: Foul Ball, location: 2F
2-2: Ball
3-2: Fly out, F6 (Popup, 6S)
Batting: RHB Dennis Stephenson 0-0: Foul Ball, location: 2F
0-1: Foul Ball, location: 2F
0-2: Foul Ball, location: 2F
0-2: Strikes out looking
Batting: LHB Gary Kern 0-0: Ball
1-0: Swinging Strike
1-1: Ball
2-1: Ball
3-1: Fly out, F6 (Line Drive, 6)
Top of the 7th over - 0 run(s), 0 hit(s), 0 error(s), 0 left on base; Mexico City 16 - Las Vegas 2
BOTTOM OF THE 7TH
Las Vegas Stars batting - Pitching for Mexico City Cerveceros : RHP Darryl Carter
Pitching: LHP Daniel Draper
Batting: RHB Pedro Mata 0-0: Ball
1-0: Called Strike
1-1: Fly out, F7 (Flyball, 7S)
Batting: LHB Paco Rivera 0-0: Ball
1-0: Called Strike
1-1: Fly out, F7 (Flyball, 7S)
Batting: SHB Chris Bennis 0-0: Called Strike
0-1: Ball
1-1: Ball
2-1: Swinging Strike
2-2: Foul Ball, location: 2F
2-2: Ball
3-2: DOUBLE (Line Drive, 89M)
Batting: LHB Bryan Foster 0-0: Ball
1-0: Swinging Strike
1-1: Ball
2-1: Ball
3-1: Base on Balls
Batting: SHB Richard Griffin 0-0: Called Strike
0-1: Called Strike
0-2: Foul Ball, location: 2F
0-2: Ball
1-2: Fly out, F8 (Flyball, 8LM)
Bottom of the 7th over - 0 run(s), 1 hit(s), 0 error(s), 2 left on base; Mexico City 16 - Las Vegas 2
TOP OF THE 8TH
Mexico City Cerveceros batting - Pitching for Las Vegas Stars : RHP Terry Adams
Pitching: RHP Júlio Sandoval
Batting: LHB Juan García 0-0: Ball
1-0: Called Strike
1-1: SOLO HOME RUN (Flyball, 9LD), Distance : 381 ft
Batting: RHB Luis Peña 0-0: Called Strike
0-1: Ball
Error on foul ball, E3
1-2: Strikes out swinging
Pinch Hitting: LHB David Monahan 0-0: Called Strike
0-1: Ball
1-1: Swinging Strike
1-2: Ball
2-2: Reached on error, E6 (Groundball, 6)
Batting: SHB Richard Bowman 0-0: Ball
1-0: Fly out, F8 (Flyball, 8LS)
Batting: RHB Murai Ishihara 0-0: SINGLE (Line Drive, 89S)
David Monahan to second
Batting: RHB Hamilton Holbrook 0-0: Ball
1-0: Ball
2-0: Fly out, F7 (Flyball, 7S)
Top of the 8th over - 1 run(s), 2 hit(s), 2 error(s), 2 left on base; Mexico City 17 - Las Vegas 2
BOTTOM OF THE 8TH
Las Vegas Stars batting - Pitching for Mexico City Cerveceros : LHP Daniel Draper
Now at 1B: Orlando Núñes
Now at 2B: Soetsu Kaneko
Batting: LHB Terry White 0-0: Ball
1-0: Ball
2-0: Ball
3-0: Called Strike
3-1: Base on Balls
Batting: RHB Zack Flint 0-0: Called Strike
0-1: Ball
1-1: Fielders Choice at 2nd, 6-4 (Groundball, 56)
Batting: SHB Héctor Barajas 0-0: Called Strike
0-1: Swinging Strike
0-2: Ball
1-2: Foul Ball, location: 2F
1-2: Ball
2-2: Fly out, F8 (Flyball, 89XD)
Batting: SHB Júlio Salazar 0-0: Called Strike
0-1: Swinging Strike
0-2: Hit by Pitch
Zack Flint to second
Batting: RHB Pedro Mata 0-0: Ball
1-0: Foul Ball, location: 2F
1-1: Fly out, F7 (Line Drive, 7LM)
Bottom of the 8th over - 0 run(s), 0 hit(s), 0 error(s), 2 left on base; Mexico City 17 - Las Vegas 2
TOP OF THE 9TH
Mexico City Cerveceros batting - Pitching for Las Vegas Stars : RHP Júlio Sandoval
Batting: LHB John Nicholson 0-0: Called Strike
0-1: Ball
1-1: Ball
2-1: Ball
3-1: Base on Balls
Batting: RHB Dennis Stephenson 0-0: Ball
1-0: Fly out, F9 (Flyball, 9S)
Pinch Hitting: RHB Dave Morgan 0-0: Called Strike
0-1: Swinging Strike
0-2: Foul Ball, location: 2F
0-2: Strikes out looking
Throwing error on steal attempt, E2
John Nicholson to third
Batting: LHB Juan García 0-0: Swinging Strike
0-1: Ball
1-1: Swinging Strike
1-2: Strikes out swinging
Top of the 9th over - 0 run(s), 0 hit(s), 1 error(s), 1 left on base; Mexico City 17 - Las Vegas 2
BOTTOM OF THE 9TH
Las Vegas Stars batting - Pitching for Mexico City Cerveceros : LHP Daniel Draper
Now at C: Fernando Garza
Now at 3B: Claudio Souza
Batting: LHB Paco Rivera 0-0: Swinging Strike
0-1: Ball
1-1: Fly out, F8 (Flyball, 8RM)
Batting: SHB Chris Bennis 0-0: Ball
1-0: Foul Ball, location: 2F
1-1: Foul Ball, location: 2F
1-2: Strikes out looking
Batting: LHB Bryan Foster 0-0: Ball
1-0: Ball
2-0: Called Strike
2-1: Ball
3-1: Fly out, F3 (Line Drive, 34)
Bottom of the 9th over - 0 run(s), 0 hit(s), 0 error(s), 0 left on base; Mexico City 17 - Las Vegas 2
Tuesday, August 8th, 2017 - OOTP Baseball 17.12 Build 75